 Dungeon Crawl Stone Soup version 0.23.2-1-ga50397a (webtiles) character file.

Game seed: 3096842106718334796

472 xveg the Ruffian (level 7, -1/56 HPs)
             Began as a Ghoul Gladiator on May 9, 2019.
             Slain by a slave (2 damage)
             ... led by Pikel
             ... on level 4 of the Dungeon.
             The game lasted 00:07:45 (2537 turns).

xveg the Ruffian (Ghoul Gladiator)                  Turns: 2537, Time: 00:07:46

Health: -1/56      AC: 11    Str: 20    XL:     7   Next: 9%
Magic:  0/6        EV: 11    Int:  3    God:
Gold:   148        SH:  0    Dex: 10    Spells: 6/6 levels left

rFire    . . .     SeeInvis .     - Unarmed
rCold    + . .     Gourm    .   (no shield)
rNeg     + + +     Faith    .   g - +2 scale mail
rPois    ∞         Spirit   +   u - +0 helmet
rElec    .         Reflect  .   B - scarf {Spirit}
rCorr    .         Harm     .   w - +0 pair of gloves
MR       .....                  (no boots)
Stlth    ..........             (no amulet)
HPRegen  0.00/turn              C - ring of wizardry
MPRegen  0.10/turn              (no ring)

@: rotting
A: rotting body, claws 1, carnivore, cold resistance 1, negative energy
resistance 3, inhibited regeneration, torment resistance, unbreathing
a: no special abilities


You were on level 4 of the Dungeon.
You were not hungry.

You visited 1 branch of the dungeon, and saw 4 of its levels.

You collected 148 gold pieces.

Inventory:

Missiles
 c - 3 throwing nets (quivered)
 q - 2 needles of frenzy
 t - 5 poisoned needles
Armour
 a - a +0 leather armour
 b - a +0 helmet
 g - a +2 scale mail (worn)
 u - a +0 helmet (worn)
 w - a +0 pair of gloves (worn)
 B - a scarf of spirit shield (worn)
Jewellery
 C - a ring of wizardry (left hand)
Wands
 x - a wand of polymorph (7)
Scrolls
 f - 2 scrolls of magic mapping
 n - 2 scrolls of identify
 p - 2 scrolls of teleportation
Potions
 j - a potion of flight {unknown}
 k - a potion of cancellation {unknown}
 l - 3 potions of degeneration {unknown}
 m - a potion of invisibility {unknown}
 v - a potion of mutation {unknown}
 A - a potion of haste {unknown}
Comestibles
 d - 5 rations


   Skills:
 + Level 2.8 Fighting
 + Level 2.1 Throwing
 + Level 2.9 Armour
 + Level 4.2 Dodging
 + Level 5.9 Unarmed Combat


You had 6 spell levels left.
You didn't know any spells.
Your spell library was empty.

Dungeon Overview and Level Annotations

Branches:
Dungeon (4/15)
 Temple: D:4-7

Altars:


Innate Abilities, Weirdness & Mutations

Your body is rotting away.
You thrive on raw meat.
You are immune to poison.
You have sharp fingernails.
You are carnivorous and can eat meat at any time.
Your flesh is cold resistant. (rC+)
You are immune to negative energy. (rN+++)
You do not regenerate when monsters are visible.
You are immune to unholy pain and torment.
You can survive without breathing.


Message History

a +0 scythe; a +0 robe The slave barely misses you.
The quokka bites you but does no damage.
The quokka closely misses you.
The quokka bites you but does no damage.
The quokka closely misses you. The quokka closely misses you.
You hit the quokka but do no damage.
The quokka bites you but does no damage.
You barely miss the quokka. The quokka bites you.
* * * LOW HITPOINT WARNING * * *
You hit the quokka. Your punch misses the quokka.
The quokka is severely wounded.
The quokka closely misses you.
You punch the quokka!
You kill the quokka!
You hit the slave.
The slave is moderately wounded.
The slave hits you.
You die...

...#...####.# #.
.........##.###.
........###.#..
..............
..........##.##
..........##..#
.............###
......#........####
.....##........p@.#
.....##........##...#
.....###....#..# ....#
.....# #..#....# .....#
..##..#....###...####..#
...#.......# ...## ..
.##......... ..## . ...
..#


You could see a slave.

Vanquished Creatures
  An orc priest (D:3)
  2 jellies (D:2)
  A hound (D:4)
  2 orc wizards (D:3)
  Terence (D:3)
  Ijyb (D:3)
  Robin (D:2)
  A howler monkey skeleton (D:3)
  8 adders
  9 oozes (D:2)
  2 worms (D:3)
  2 dart slugs (D:1)
  3 leopard geckos
  8 orcs (D:3)
  4 bats
  8 giant cockroaches
  18 goblins
  7 hobgoblins
  5 jackals (D:2)
  A quokka (D:4)
  A ball python (D:1)
  6 frilled lizards
  9 kobolds
  3 rats
104 creatures vanquished.

Vanquished Creatures (others)
  10 toadstools (D:2)
10 creatures vanquished.

Grand Total: 114 creatures vanquished

Notes
Turn   | Place    | Note
-------+----------+-------------------------------------------
     0 | D:1      | xveg the Ghoul Gladiator began the quest for the Orb.
     0 | D:1      | Reached XP level 1. HP: 17/17 MP: 0/0
    95 | D:1      | Reached XP level 2. HP: 24/25 MP: 1/1
   306 | D:1      | Reached XP level 3. HP: 30/30 MP: 2/2
   416 | D:2      | Reached skill level 4 in Unarmed Combat
   420 | D:2      | Noticed Robin
   447 | D:2      | Killed Robin
   447 | D:2      | Reached XP level 4. HP: 20/36 MP: 3/3
   553 | D:2      | Reached skill level 1 in Armour
   704 | D:2      | Found a faded altar of an unknown god.
   872 | D:2      | Reached XP level 5. HP: 32/41 MP: 4/4
  1079 | D:2      | Reached skill level 5 in Unarmed Combat
  1086 | D:2      | HP: 1/41 [acid (5)]
  1096 | D:2      | Reached XP level 6. HP: 16/50 MP: 5/5
  1808 | D:3      | Noticed Ijyb
  1853 | D:3      | Killed Ijyb
  1950 | D:3      | Noticed Terence
  1966 | D:3      | Killed Terence
  2194 | D:3      | Reached XP level 7. HP: 43/56 MP: 4/6
  2441 | D:4      | Noticed Sigmund
  2473 | D:4      | Noticed Sigmund
  2473 | D:4      | Sigmund changed into Sigmund the hound
  2483 | D:4      | Killed Sigmund the hound
  2499 | D:4      | HP: 2/56 [slave[Pikel] (3)]
  2534 | D:4      | HP: 1/56 [quokka (1)]
  2537 | D:4      | Slain by a slave

Skill      XL: |  1  2  3  4  5  6 |
---------------+-------------------+-----
Throwing       | 2 |  2.1
Dodging        | 3 4 |  4.2
Unarmed Combat | 4 5 |  5.9
Armour         | 1 2 |  2.9
Fighting       | |  2.8

Action                   |  1- 3 |  4- 6 |  7- 9 || total
-------------------------+-------+-------+-------++-------
Melee: Unarmed           |    77 |   273 |    37 ||   387
       Punch             |     1 |     4 |     3 ||     8
Evoke: Wand              |       |       |     1 ||     1
  Use: Potion            |       |     3 |     1 ||     4
       Scroll            |       |       |     9 ||     9
  Eat: Chunk             |       |    29 |       ||    29
       Ration            |       |     1 |       ||     1
Armor: Leather armour    |     7 |       |       ||     7
       Scale mail        |    15 |   134 |     9 ||   158
Dodge: Dodged            |    33 |   147 |    27 ||   207
